Map: Odyssey LE

Players

supercharged

  • Race: Terran Terran
  • Spawn Location: 5:00

Winthrowe - Winner!

  • Race: Terran Terran
  • League: Silver
  • Spawn Location: 11:00

VOD

Have the link to the VOD?

Description

Time

  • Played on: Aug. 19, 2017, 3:48 p.m.
  • Length: 14:36
Show
View Real Time Build Order
Export as new Build Order

supercharged Terran 

Build Orders:  

Get SALT Encoding   

  12  0:15  Supply Depot  
  12  0:28  SCV  
  13  0:33  Refinery  
  13  0:36  Refinery  
  13  0:40  SCV  
  14  0:49  Barracks  
  14  0:54  SCV  
  15  1:06  SCV  
  16  1:16  Supply Depot  
  16  1:19  SCV  
  17  1:31  SCV  
  18  1:39  Reaper  
  19  1:53  Factory  
  19  1:55  SCV  
  20  2:07  SCV  
  21  2:26  Barracks  
  21  2:33  Barracks Tech Lab  
  21  3:03  Hellion  
  23  3:08  Starport  
  23  3:24  Hellion  
  23  3:26  Marine x2  
  27  3:30  Stimpack  
  27  3:36  Supply Depot  
  27  3:45  Marauder  
  27  3:46  Hellion  
  31  3:57  Medivac  
  31  3:58  Supply Depot  
  31  4:01  Orbital Command  
  33  4:10  Hellion  
  35  4:25  Armory  
  35  4:29  Marine x2  
  37  4:47  Marauder  
  39  5:08  Marine x2  
  41  5:26  Marine x2  
  43  5:44  Marine x2  
  45  6:02  Marauder  
  41  6:24  Marine x2  
  39  6:41  Medivac  
  39  6:42  Marine, Concussive Shells, Marauder  
  44  6:59  Marine  
  45  7:04  Hellion  
  45  7:07  Marine  
  47  7:10  Medivac  
  31  7:17  Marine  
  30  7:25  Hellion  
  29  7:35  Marine  
  23  8:19  Command Center  
  23  8:26  Orbital Command  
  23  9:09  Supply Depot  
  23  9:13  Supply Depot  
  22  9:51  Barracks  
  22  10:39  Refinery  
  22  10:48  Refinery  
  22  10:51  Barracks Tech Lab  
  22  10:57  Factory  
  22  11:03  Starport Tech Lab  
  22  11:12  Marine  
  23  11:27  Banshee  
  23  11:29  Marine  
  10  13:18  Supply Depot  
  10  14:05  Command Center  
Show
View Real Time Build Order
Export as new Build Order

Winthrowe Terran - Winner!

Build Orders: MMM Bio 

Get SALT Encoding   

  12  0:02  SCV  
  13  0:14  SCV  
  14  0:22  Supply Depot  
  14  0:26  SCV  
  15  0:44  SCV  
  15  0:46  Barracks  
  16  0:56  SCV  
  17  1:08  SCV  
  18  1:20  SCV  
  18  1:21  Refinery  
  19  1:32  SCV  
  20  1:33  Refinery  
  20  1:37  Supply Depot  
  20  1:38  Marine  
  21  1:44  SCV  
  22  1:55  Marine  
  22  1:58  SCV  
  22  2:00  Barracks  
  24  2:06  Supply Depot  
  24  2:10  SCV  
  24  2:13  Marine  
  26  2:23  SCV  
  27  2:32  Barracks Tech Lab  
  27  2:35  SCV  
  28  2:40  Supply Depot  
  28  3:08  Barracks Reactor, Command Center  
  28  3:11  Stimpack  
  28  3:22  Orbital Command  
  28  3:28  Marauder  
  30  3:42  Engineering Bay  
  30  3:45  Engineering Bay  
  30  3:49  Marauder  
  30  3:51  Supply Depot  
  32  4:11  Marauder  
  32  4:14  Marine x2, Supply Depot  
  36  4:21  Terran Infantry Weapons Level 1  
  36  4:26  Terran Infantry Armor Level 1  
  36  4:31  Marine  
  36  4:32  Marine, Marauder  
  36  4:36  Supply Depot  
  40  4:49  Marine  
  41  5:07  Marauder  
  43  5:09  Marine x2  
  43  5:11  Combat Shields  
  45  5:25  Factory  
  45  5:26  Marine  
  45  5:27  Marine  
  45  5:28  Marauder  
  49  5:37  SCV  
  49  5:38  SCV  
  51  5:44  Marine x2  
  51  5:49  SCV, Marauder  
  54  5:50  SCV  
  47  6:02  SCV  
  43  6:11  Marauder  
  36  6:19  SCV  
  36  6:20  SCV  
  38  6:31  SCV  
  38  6:32  SCV  
  40  6:43  SCV  
  40  6:44  SCV  
  42  6:55  Armory, SCV  
  42  6:56  SCV  
  42  7:00  Marauder  
  46  7:07  SCV  
  46  7:08  SCV  
  38  7:19  Marine  
  38  7:20  Marine, SCV  
  38  7:22  Marauder  
  43  7:37  Marine x2  
  43  7:40  Starport  
  43  7:43  Marauder  
  47  8:11  Marauder  
  47  8:12  Marine x2  
  51  8:13  SCV  
  53  8:23  Orbital Command  
  53  8:25  SCV  
  53  8:30  Marine x2  
  53  8:31  Medivac  
  53  8:32  Marauder  
  59  8:54  Marauder  
  59  8:55  Marine x2  
  63  9:13  Marine x2  
  63  9:15  Marauder  
  67  9:30  Marine  
  67  9:31  Marine  
  68  9:36  Marauder  
  71  9:48  Marine  
  71  9:49  Marine  
  73  9:58  Marauder  
  75  10:07  Refinery  
  75  10:08  SCV x2  
  75  10:10  Refinery  
  77  10:17  Marine  
  77  10:18  Marine  
  77  10:19  Marine  
  77  10:20  SCV x2  
  82  10:31  Supply Depot  
  82  10:32  SCV x2  
  82  10:35  Marine x2  
  86  10:52  SCV x2, Marauder  
  86  10:53  Marine x2  
  86  10:54  Supply Depot  
  92  11:04  SCV x2  
  94  11:16  Marine x2, SCV x2, Marauder  
  94  11:17  Supply Depot  
  100  11:26  Supply Depot  
  100  11:28  SCV  
  101  11:35  Supply Depot  
  101  11:38  Medivac  
  101  11:39  Marauder  
  104  11:40  Supply Depot  
  104  11:49  Supply Depot  
  104  12:00  Supply Depot  
  104  12:08  Medivac  
  104  12:12  Supply Depot  
  104  12:38  Viking  
  106  13:08  Viking  
  108  13:38  Viking  
Tags
 
Composition
MMM Bio
League
Silver
Matchup
TvT
Race
Terran
Spawn Locations
Cross Positions
Add a new tag
Caveats
  • Supply blocks, unpowered buildings, or Contaminate may cause inaccurate times.
  • Supply counts are checked every 10 seconds.